 Dungeon Crawl Stone Soup version 0.30-a0-1112-gfb780f5df6 (webtiles) character file.

Game seed: 8926219382790844208

3902 Elsrick the Cleaver (level 10, 0/88 HPs)
             Began as a Hill Orc Fighter on Apr 20, 2023.
             Was a Follower of Beogh.
             Slain by a vampire mosquito (5 damage)
             ... on level 9 of the Dungeon.
             The game lasted 00:21:10 (5711 turns).

Elsrick the Cleaver (Hill Orc Fighter)              Turns: 5711, Time: 00:21:11

Health: 0/88       AC: 18    Str: 27    XL:     10   Next: 20%
Magic:  10/10      EV: 23    Int:  8    God:    Beogh [*.....]
Gold:   155        SH:  0    Dex: 10    Spells: 9/9 levels left

rFire   + . .      SeeInvis .    y - +8 battleaxe "Mesh" {flame, rElec rF+ Str+3}
rCold   . . .      Faith    .    (shield currently unavailable)
rNeg    . . .      Spirit   .    D - +3 plate armour
rPois   .          Reflect  .    (no helmet)
rElec   +          Rampage  .    (no cloak)
rCorr   +                        k - +0 pair of gloves
Will    +....                    (no boots) Stlth
                                 c - amulet of the acrobat
HPRegen 0.34/turn                f - ring of resist corrosion
MPRegen 0.12/turn                q - ring of willpower

@: acrobatic
A: no striking features
a: Renounce Religion


You were on level 9 of the Dungeon.
You worshipped Beogh.
Beogh was aware of your devotion.
You visited 1 branch of the dungeon, and saw 9 of its levels.

You collected 442 gold pieces.
You spent 287 gold pieces at shops.

Inventory:

Hand Weapons
 a - a +0 war axe
 i - the +6 shillelagh "Devastator" {shatter}
   (You found it on level 2 of the Dungeon)
 y - the +8 battleaxe "Mesh" (weapon) {flame, rElec rF+ Str+3}
   (You bought it in a shop on level 5 of the Dungeon)

   Str:       It affects your strength (+3).
   rF:        It protects you from fire.
   rElec:     It insulates you from electricity.
Armour
 b - a +0 scale mail
 k - a +0 pair of gloves (worn)
 s - the +2 leather armour of the Doomed God {-Tele Int+8}
   (You found it on level 4 of the Dungeon)

   Int:       It affects your intelligence (+8).
   -Tele:     It prevents most forms of teleportation.
 t - a scarf of invisibility
 D - a +3 plate armour (worn)
Jewellery
 c - an amulet of the acrobat (around neck)
 f - a ring of resist corrosion (left hand)
 q - a ring of willpower (right hand)
Wands
 p - a wand of digging (2)
 v - a wand of polymorph (10)
 G - a wand of roots (5)
Scrolls
 e - a scroll of identify
 g - 5 scrolls of teleportation
 m - a scroll of poison {unknown}
 n - 2 scrolls of amnesia {unknown}
 u - 4 scrolls of magic mapping
 w - 2 scrolls of brand weapon {unknown}
 z - 3 scrolls of fog {unknown}
 E - a scroll of immolation {unknown}
 I - a scroll of enchant armour
Potions
 d - a potion of ambrosia {unknown}
 h - 4 potions of curing
 j - a potion of might
 l - 3 potions of heal wounds
 o - a potion of resistance {unknown}
 r - a potion of brilliance {unknown}
 x - 3 potions of degeneration {unknown}
 A - 2 potions of lignification {unknown}
 B - a potion of flight {unknown}
 C - 3 potions of mutation {unknown}
 F - 2 potions of haste
 H - a potion of invisibility {unknown}


   Skills:
 + Level 8.0 Fighting
 + Level 11.5(12.1) Axes
 - Level 5.1(8.1) Maces & Flails
 + Level 8.3 Armour
 + Level 3.0 Dodging
 + Level 1.4 Stealth
 + Level 4.3 Shields


You had 9 spell levels left.
You didn't know any spells.
Your spell library contained the following spells:

 Spells                   Type           Power      Damage    Failure   Level
 Summon Small Mammal      Summ           0%         N/A       99%         1
 Call Canine Familiar     Summ           0%         N/A       100%        3
 Summon Guardian Golem    Hex/Summ       0%         N/A       100%        3


Dungeon Overview and Level Annotations

Branches:
Dungeon (10/15)            Temple (0/1) D:6
   Lair: D:8-11         Orc: D:9-12

Altars:
Elyvilon
Hepliaklqana
Qazlal

Shops:
D:5 (   D:6 *   D:7 ??[


Message History

The vampire mosquito bites you but does no damage.
You slice the two-headed ogre!! You burn the two-headed ogre!
The two-headed ogre is severely wounded.
You miss the vampire mosquito. The vampire mosquito bites you.
The vampire mosquito draws strength from your injuries!
The vampire mosquito bites you but does no damage.
You slash the two-headed ogre! You burn the two-headed ogre.
The two-headed ogre is severely wounded.
You slash the vampire mosquito! You burn the vampire mosquito.
The two-headed ogre hits you with a +0 giant spiked club!
The two-headed ogre hits you with a +0 giant club!!
* * * LOW HITPOINT WARNING * * *
You barely miss the two-headed ogre.
The two-headed ogre is severely wounded.
You hit the vampire mosquito. You burn the vampire mosquito.
The two-headed ogre hits you with a +0 giant spiked club!!
* * * LOW HITPOINT WARNING * * *
The two-headed ogre barely misses you.
The vampire mosquito bites you but does no damage. x2
You feel much better.
The vampire mosquito bites you but does no damage.
The vampire mosquito barely misses you. The vampire mosquito bites you.
The vampire mosquito draws strength from your injuries!
The vampire mosquito bites you but does no damage.
The two-headed ogre hits you with a +0 giant spiked club!
* * * LOW HITPOINT WARNING * * *
The two-headed ogre hits you but does no damage.
The vampire mosquito attacks as you move away!
The vampire mosquito bites you but does no damage.
The vampire mosquito attacks as you move away!
The vampire mosquito bites you.
* * * LOW HITPOINT WARNING * * *
The vampire mosquito draws strength from your injuries!
The vampire mosquito bites you.
* * * LOW HITPOINT WARNING * * *
The vampire mosquito draws strength from your injuries!
The vampire mosquito completely misses you.
The vampire mosquito attacks as you move away!
The vampire mosquito bites you.
You die...

###### #....#
#.##.# #.##.#
#########.# ##
#.##.###..........
.
#.##.....yyO.....#
#.
#.#......@######.#
#.####.........#
...####.#####.#
###.####.#####.#
#..>.........#.###
###...............
###..........#.#
#........#.#
#........# ..


You could see a two-headed ogre and 2 vampire mosquitoes.

Vanquished Creatures
  Sigmund (D:5)
  12 yaks
  2 water moccasins
  An orc warrior (D:6)
  2 centaurs (D:6)
  3 phantoms
  2 bullfrogs
  5 scorpions
  A howler monkey (D:5)
  A hound (D:5)
  6 orc priests
  A jelly (D:6)
  Crazy Yiuf (D:5)
  3 sleepcaps
  Jessica (D:2)
  An iguana (D:5)
  9 orc wizards
  Natasha (thrice) (D:4)
  Robin (D:2)
  11 adders
  2 white imps
  A worm (D:3)
  2 dart slugs
  27 orcs
  8 ball pythons
  7 bats
  2 endoplasms
  A giant cockroach (D:1)
  13 hobgoblins
  2 jackals (D:2)
  4 quokkas
  4 frilled lizards
  11 goblins
  5 kobolds
  5 rats
161 creatures vanquished.

Vanquished Creatures (others)
  An orc priest (D:6)
  An orc wizard (D:6)
  An orc (D:6)
3 creatures vanquished.

Grand Total: 164 creatures vanquished

Notes
Turn   | Place    | Note
-------+----------+-------------------------------------------
     0 | D:1      | Elsrick the Hill Orc Fighter began the quest for the Orb.
     0 | D:1      | Reached XP level 1. HP: 19/19 MP: 1/1
    69 | D:1      | Reached skill level 3 in Axes
   122 | D:1      | Reached XP level 2. HP: 17/27 MP: 2/2
   426 | D:2      | Reached XP level 3. HP: 33/33 MP: 3/3
   446 | D:2      | Noticed Robin
   458 | D:2      | Killed Robin
   459 | D:2      | Reached skill level 4 in Axes
   591 | D:2      | Noticed Jessica
   609 | D:2      | Killed Jessica
   610 | D:2      | Reached XP level 4. HP: 18/41 MP: 4/4
   840 | D:2      | Found the +6 shillelagh "Devastator" {shatter}
   889 | D:2      | Reached skill level 5 in Axes
   902 | D:2      | Found a white marble altar of Elyvilon.
  1037 | D:2      | Found a faded altar of an unknown god.
  1044 | D:2      | Reached XP level 5. HP: 47/47 MP: 5/5
  1761 | D:3      | Reached skill level 1 in Maces & Flails
  1866 | D:3      | Found a stormy altar of Qazlal.
  2079 | D:4      | Reached XP level 6. HP: 53/53 MP: 6/6
  2215 | D:4      | Identified the +2 leather armour of the Doomed God {-Tele
                  | Int+8}
  2384 | D:4      | Reached skill level 6 in Axes
  2519 | D:4      | Reached skill level 1 in Dodging
  2519 | D:4      | Reached XP level 7. HP: 59/60 MP: 7/7
  2596 | D:4      | Noticed Natasha
  2599 | D:4      | Killed Natasha
  3042 | D:4      | Noticed Natasha
  3044 | D:4      | Killed Natasha
  3045 | D:4      | Reached skill level 5 in Armour
  3421 | D:4      | Noticed Natasha
  3426 | D:4      | Killed Natasha
  3427 | D:4      | Reached skill level 5 in Fighting
  3436 | D:5      | Entered Level 5 of the Dungeon
  3436 | D:5      | Found Roantaqe's Antique Weapon Shoppe.
  3563 | D:5      | Reached XP level 8. HP: 54/69 MP: 8/8
  3750 | D:5      | Reached skill level 5 in Maces & Flails
  3750 | D:5      | Reached skill level 1 in Stealth
  3796 | D:5      | Bought a transparent battleaxe for 287 gold pieces
  3796 | D:5      | Identified the +8 battleaxe "Mesh" {flame, rElec rF+ Str+3}
                  | (You bought it in a shop on level 5 of the Dungeon)
  3876 | D:5      | Found a runed translucent door.
  3877 | D:5      | Noticed Crazy Yiuf
  3884 | D:5      | Killed Crazy Yiuf
  4087 | D:5      | Found a faded altar of an unknown god.
  4088 | D:5      | Found a hazy altar of Hepliaklqana.
  4088 | D:5      | Noticed Sigmund
  4091 | D:5      | Killed Sigmund
  4111 | D:5      | Noticed a yak
  4111 | D:5      | Noticed a yak
  4138 | D:5      | Killed a yak
  4139 | D:5      | Reached skill level 7 in Axes
  4142 | D:5      | Killed a yak
  4264 | D:5      | Noticed a yak
  4264 | D:5      | Noticed a yak
  4266 | D:5      | Noticed a yak
  4270 | D:5      | Noticed a yak
  4272 | D:5      | Killed a yak
  4273 | D:5      | Reached XP level 9. HP: 64/78 MP: 9/9
  4274 | D:5      | Reached skill level 8 in Axes
  4414 | D:6      | Became a worshipper of Beogh the Brigand
  4422 | D:6      | Reached skill level 9 in Axes
  4880 | D:6      | Found Qeityop's Fire Supplies.
  5021 | D:6      | Found a staircase to the Ecumenical Temple.
  5203 | D:7      | Found Zischesmu's Antique Armour Shoppe.
  5203 | D:7      | Found Susym's Magic Scroll Shoppe.
  5203 | D:7      | Found Uveas's Magic Scroll Shoppe.
  5283 | D:7      | Reached skill level 10 in Axes
  5295 | D:7      | Reached XP level 10. HP: 65/86 MP: 10/10
  5297 | D:7      | Reached skill level 11 in Axes
  5517 | D:7      | Reached * piety under Beogh
  5652 | D:7      | You fall into a shaft and drop 3 floors!
  5652 | D:10     | Entered Level 10 of the Dungeon
  5699 | D:9      | Noticed a two-headed ogre
  5708 | D:9      | HP: 4/88 [two-headed ogre/+0 giant spiked club (22)]
  5711 | D:9      | Slain by a vampire mosquito

Illustrated notes

Levels and vault maps discovered:
D:1:      amcnicky_arrival_flooded_fountain, layout_basic
D:2:      layout_basic, hellmonk_ecumenical_altar_crossroads, basic_altar,
          grunt_decor_cap, uniq_robin, uniq_jessica
D:3:      layout_rooms, nicolae_qazlal_general_emergency
D:4:      nicolae_cairo_tiling, layout_layer_cave, uniq_natasha
D:5:      layout_rooms, beargit_hepliaklqana_dungeon_heroes, serial_shops, shop,
          amcnicky_mini_corridor_feature, uniq_crazy_yiuf_cottage
D:6:      layout_basic, minmay_temple_entry_trees, grunt_ministairs_5,
          nicolae_shop_fire_sale [nicolae_sub_dead_trees]
D:7:      layout_basic, mainiacjoe_overflow_six_doors_small,
          nicolae_shop_distant_corner_stores
D:9:      layout_basic, jmf_multi_god_temple2, minmay_orc_entry_guard_dogs,
          grunt_decor_resistance, hangedman_decor_diamond_cutter,
          uniq_prince_ribbit1, uniq_maurice
D:10:     layout_loops_cross, minmay_puff

Skill      XL: |  1  2  3  4  5  6  7  8  9 10 |
---------------+-------------------------------+-----
Axes           | 3 4 5 6 7 10 11 | 11.5
Fighting       | 4 5 6 7 8 |  8.0
Armour         | 4 5 7 8 |  8.3
Maces & Flails | 1 2 4 5 |  5.1
Dodging        | 1 2 3 |  3.0
Shields        | 4 |  4.3
Stealth        | 1 |  1.4

Action                     |  1- 3 |  4- 6 |  7- 9 | 10-12 || total
---------------------------+-------+-------+-------+-------++-------
  Melee: War axe           |    72 |    23 |       |       ||    95
         Shillelagh        |       |    73 |    49 |       ||   122
         Battleaxe         |       |       |    72 |    34 ||   106
 Invoke: Convert to Beogh  |       |       |     1 |       ||     1
    Use: Potion            |     1 |       |       |     1 ||     2
         Scroll            |       |       |     1 |     7 ||     8
 Armour: Scale mail        |    34 |    46 |    34 |       ||   114
         Plate armour      |       |       |     9 |    25 ||    34
  Dodge: Dodged            |    34 |    39 |    67 |    17 ||   157
  Block: Buckler           |    11 |    15 |     4 |       ||    30

Table legend: (Time is in decaauts)
 A = Elapsed time spent in this place.
 B = Non-inter-level travel time spent in this place.
 C = Inter-level travel time spent in this place.
 D = Time resting spent in this place.
 E = Time spent auto-exploring this place.
 F = Levels seen in this place.
 G = Mean time per level.
                   A        B        C        D        E       F      G
               +--------+--------+--------+--------+--------+-----+--------+
         Total |   5779 |   5374 |    405 |    769 |   3383 |   9 |  642.1 |
       Dungeon |   5779 |   5374 |    405 |    769 |   3383 |   9 |  642.1 |
               +--------+--------+--------+--------+--------+-----+--------+

Top non-repeatable levels by time:
     D:4: 1397 daAuts
     D:2: 1142 daAuts
     D:5: 949 daAuts
     D:6: 896 daAuts
     D:3: 503 daAuts
     D:1: 438 daAuts
     D:7: 390 daAuts
     D:9: 39 daAuts
    D:10: 19 daAuts
